 Dungeon Crawl Stone Soup version 0.21-a0-404-g291f19a (webtiles) character file.

1395 tilp the Thaumaturge (level 8, -5/45 HPs)
             Began as a Deep Elf Fire Elementalist on Oct 28, 2017.
             Shot with a sling bullet by Joseph (20 damage)
             ... on level 7 of the Dungeon on Oct 29, 2017.
             The game lasted 00:20:43 (5487 turns).

tilp the Thaumaturge (Deep Elf Fire Elementalist)   Turns: 5487, Time: 00:20:43

Health: -5/45      AC:  7    Str:  5    XL:     8   Next: 41%
Magic:  22/22      EV: 12    Int: 23    God:
Gold:   279        SH:  3    Dex: 15    Spells: 13/23 levels left

rFire    . . .     SeeInvis .   H - +2 mace (holy)
rCold    . . .     Gourm    .   y - +0 buckler
rNeg     . . .     Faith    .   t - +2 animal skin
rPois    .         Spirit   .   u - +0 helmet
rElec    .         Reflect  .   (no cloak)
rCorr    .         Harm     .   p - +0 pair of gloves
MR       .....                  i - +0 pair of boots
Stlth    ++........             (no amulet)
HPRegen  0.15/turn              (no ring)
MPRegen  0.18/turn              (no ring)

@: no status effects
A: no striking features
a: no special abilities


You were on level 7 of the Dungeon.
You were not hungry.

You visited 1 branch of the dungeon, and saw 8 of its levels.

You collected 279 gold pieces.

Inventory:

Hand Weapons
 a - a +0 dagger
 b - a +0 fustibalus
 H - a +2 mace of holy wrath (weapon)
Missiles
 d - 216 stones
 n - 70 sling bullets
 A - 2 poisoned tomahawks (quivered)
Armour
 g - a +0 robe
 i - a +0 pair of boots (worn)
 p - a +0 pair of gloves (worn)
 t - a +2 animal skin (worn)
 u - a +0 helmet (worn)
 y - a +0 buckler (worn)
Magical Staves
 x - an uncursed staff of summoning
Jewellery
 j - a +3 ring of strength {unknown}
 m - a cursed -3 ring of protection {unknown}
 r - a +2 ring of protection {unknown}
 G - an uncursed ring of magical power {unknown}
Wands
 C - a wand of flame (19/48)
Scrolls
 e - a scroll of identify {unknown}
 k - 2 scrolls of fear
 o - 3 scrolls of teleportation
 w - a scroll of remove curse
 z - a scroll of recharging {unknown}
 D - a scroll of torment {unknown}
Potions
 l - 2 potions of agility {unknown}
 q - a potion of berserk rage {unknown}
 B - a potion of magic {unknown}
 E - 3 potions of curing {unknown}
Books
 s - a book of Flames

   Spells                             Type                      Level
   a - Flame Tongue                   Conjuration/Fire             1
   b - Throw Flame                    Conjuration/Fire             2
   c - Conjure Flame                  Conjuration/Fire             3
   d - Inner Flame                    Hexes/Fire                   3
   e - Sticky Flame                   Conjuration/Fire             4
   f - Fireball                       Conjuration/Fire             5
 F - a book of Conjurations

   Spells                             Type                      Level
   a - Magic Dart                     Conjuration                  1
   b - Searing Ray                    Conjuration                  2
   c - Dazzling Spray                 Conjuration/Hexes            3
   d - Fulminant Prism                Conjuration/Hexes            4
   e - Force Lance                    Conjuration/Translocation    4
   f - Iskenderun's Mystic Blast      Conjuration                  4
Comestibles
 c - 6 bread rations
 f - 2 royal jellies
 h - 4 meat rations
 v - a fruit


   Skills:
 + Level 2.6 Fighting
 - Level 2.4 Dodging
 - Level 2.4 Stealth
 - Level 8.0 Spellcasting
 * Level 6.5 Conjurations
 * Level 6.5 Fire Magic


You had 13 spell levels left.
You knew the following spells:

 Your Spells              Type           Power        Failure   Level  Hunger
a - Flame Tongue          Conj/Fire      #####        1%          1    None
b - Throw Flame           Conj/Fire      #####.       1%          2    None
c - Conjure Flame         Conj/Fire      #####...     2%          3    None
d - Sticky Flame          Conj/Fire      #####...     8%          4    ###....


Dungeon Overview and Level Annotations

Branches:
Dungeon (9/15)             Temple (0/1) D:7
   Lair: D:8-11         Orc: D:9-12

Altars:
Ashenzari

Annotations:
D:7 Joseph
D:9 anet's ghost, journeyman DEWz


Message History

You eat one of the 2 fruits.
Mmm - a full handful of gooseberries!
Found a sapphire potion.
l - 2 sapphire potions (gained 1)
Found a stone staircase leading up.
Found 10 stones.
You open the door.
There is an open door here.
There is an open door here.
As you close the door, it creaks loudly!
d - 216 stones (gained 10) Joseph shouts!
Joseph shoots a sling bullet.
The sling bullet hits you! The sling bullet burns you.
You see here a sling bullet.
An ice beast comes into view.
Joseph shoots a sling bullet.
The sling bullet hits you! The sling bullet burns you.
You see here a sling bullet.
Joseph shoots a sling bullet.
The sling bullet hits you!!
You die...

.#.....#.#.#.# #.#.#
.#..#.##.#.#.# #.#.#
.#.....#.#.#.# #.#.#
.#######.#.#.# #.#.#
.........#...# #...#
#################..#
..................>#####
##############.........#
#.......((..@..)...+ #
#.########...(.....# #
#.# #.........# # #.#
#.........# #####.#
#.........# ...##.#
##.##.##.## ...##.#
###.........# ....#.#
#..%........@Y
....#+######.#..⌠...⌠..#.


You could see Joseph.

Vanquished Creatures
  Menkaure (D:7)
  A sky beast (D:7)
  A phantom (D:4)
  4 ogres
  2 centaurs
  A bullfrog (D:7)
  A scorpion (D:4)
  A howler monkey (D:8)
  An orc priest (D:4)
  A hound (D:3)
  A bullfrog skeleton (D:4)
  Jessica (D:2)
  A centaur skeleton (D:7)
  2 orc wizards
  3 worker ants (D:7)
  2 worker ant zombies (D:7)
  Robin (D:2)
  4 gnolls (D:3)
  3 adders
  An ooze (D:2)
  A worm (D:2)
  A leopard gecko (D:4)
  14 orcs
  A ball python (D:1)
  5 giant cockroaches
  13 goblins
  12 hobgoblins
  2 jackals (D:4)
  7 kobolds
  2 quokkas
  6 bats
  5 frilled lizards
  9 rats
111 creatures vanquished.

Notes
Turn   | Place    | Note
-------+----------+-------------------------------------------
     0 | D:1      | tilp the Deep Elf Fire Elementalist began the quest for the Orb.
     0 | D:1      | Reached XP level 1. HP: 10/10 MP: 6/6
   232 | D:1      | Reached XP level 2. HP: 14/15 MP: 6/8
   510 | D:1      | Learned a level 2 spell: Throw Flame
   810 | D:2      | Noticed Jessica
   818 | D:2      | Killed Jessica
   818 | D:2      | Reached XP level 3. HP: 9/19 MP: 2/10
   823 | D:2      | Learned a level 3 spell: Conjure Flame
  1073 | D:2      | Reached XP level 4. HP: 24/24 MP: 9/11
  1083 | D:2      | Learned a level 4 spell: Sticky Flame
  1326 | D:2      | Reached skill level 4 in Spellcasting
  1418 | D:2      | Noticed Robin
  1488 | D:2      | Killed Robin
  1779 | D:2      | Found a shattered altar of Ashenzari.
  2237 | D:3      | Reached XP level 5. HP: 28/28 MP: 10/13
  2456 | D:3      | Reached skill level 5 in Spellcasting
  3229 | D:4      | Reached skill level 1 in Fighting
  3229 | D:4      | Reached XP level 6. HP: 23/34 MP: 0/16
  3627 | D:4      | Reached skill level 6 in Spellcasting
  3651 | D:4      | Reached skill level 5 in Conjurations
  3651 | D:4      | Reached XP level 7. HP: 33/38 MP: 9/18
  3763 | D:4      | You fall through a shaft for 3 floors!
  3763 | D:7      | Noticed Joseph
  3778 | D:7      | Found a staircase to the Ecumenical Temple.
  3934 | D:7      | Noticed Menkaure
  3936 | D:7      | Killed Menkaure
  3936 | D:7      | Reached skill level 5 in Fire Magic
  4410 | D:7      | Reached skill level 7 in Spellcasting
  4547 | D:6      | You fall through a shaft for 3 floors!
  4571 | D:9      | Noticed anet's ghost (journeyman DEWz)
  4697 | D:8      | Reached XP level 8. HP: 44/44 MP: 14/21
  5033 | D:7      | Reached skill level 8 in Spellcasting
  5487 | D:7      | Shot with a sling bullet by Joseph

Vault maps used:
D:1:      minmay_arrival_nine_rooms
D:2:      ashenzari_altar_1, uniq_robin, uniq_jessica
D:3:      first_bread
D:4:      serial_park_tiny_pond
D:6:      kennysheep_big_flooded_room
D:7:      minmay_temple_entry_large_hall, uniq_joseph, uniq_menkaure
D:8:      nicolae_overflow_hidden_temple, basic_altar, uniq_pikel
D:9:      orc_0_dummy, serial_shops, shop, grunt_gozag_statues

Skill      XL: |  1  2  3  4  5  6  7  8 |
---------------+-------------------------+-----
Conjurations   | 2 3 4 5 6 |  6.5
Spellcasting   | 4 5 6 7 8 |  8.0
Fire Magic     | 4 5 6 |  6.5
Fighting       | 1 2 |  2.6
Dodging        | |  2.4
Stealth        | |  2.4

Action                   |  1- 3 |  4- 6 |  7- 9 || total
-------------------------+-------+-------+-------++-------
Melee: Club              |     1 |       |       ||     1
       Mace              |       |       |     2 ||     2
 Fire: Fustibalus        |       |    24 |       ||    24
 Cast: Flame Tongue      |    44 |    89 |    46 ||   179
       Throw Flame       |     7 |    14 |    10 ||    31
       Sticky Flame      |       |     4 |     2 ||     6
       Conjure Flame     |       |     2 |     9 ||    11
  Use: Scroll            |       |       |     8 ||     8
  Eat: Chunk             |       |     8 |     4 ||    12
       Fruit             |       |     1 |     2 ||     3
Armor: Robe              |     6 |       |       ||     6
       Animal skin       |       |     5 |       ||     5
Dodge: Dodged            |    10 |    16 |     9 ||    35
Block: Buckler           |       |     1 |     1 ||     2
       Rpst.: Long sword |       |     2 |     2 ||     4

Table legend:
 A = Spawn XP
 B = Non-spawn XP
 C = Spawn XP percentage of total XP
 D = Spawn monster count
 E = Non-spawn monster count
 F = Spawn count percentage of total count
 G = Total turns spent on level
                    A         B        C        D         E        F      G
               +---------+---------+-------+---------+---------+-------+---------
         Total |       0 |    1993 |   0.0 |       0 |     111 |   0.0 |  5487
               +---------+---------+-------+---------+---------+-------+---------
           D:1 |       0 |      37 |   0.0 |       0 |      22 |   0.0 |   838
           D:2 |       0 |     128 |   0.0 |       0 |      32 |   0.0 |  1270
           D:3 |       0 |     173 |   0.0 |       0 |      22 |   0.0 |  1055
           D:4 |       0 |     447 |   0.0 |       0 |      16 |   0.0 |   600
           D:7 |       0 |     906 |   0.0 |       0 |      13 |   0.0 |  1358
           D:8 |       0 |     296 |   0.0 |       0 |       4 |   0.0 |   247
           D:9 |       0 |       6 |   0.0 |       0 |       2 |   0.0 |    25
               +---------+---------+-------+---------+---------+-------+---------
